 Dungeon Crawl Stone Soup version 0.30-a0-715-gdb4ae3ece1 (webtiles) character file.

Game seed: 17699507880393829390

121 kae the Insei (level 4, 0/48 HPs)
             Began as a Demonspawn Transmuter on Jan 23, 2023.
             Succumbed to an adder's poison
             ... on level 3 of the Dungeon.
             The game lasted 00:03:16 (1792 turns).

kae the Insei (Demonspawn Transmuter)               Turns: 1792, Time: 00:03:17

Health: 0/48       AC:  4    Str: 10    XL:     4   Next: 76%
Magic:  8/8        EV: 12    Int: 17    God:
Gold:   88         SH:  0    Dex: 13    Spells: 2/8 levels left

rFire   . . .      SeeInvis .      - Unarmed
rCold   . . .      Faith    .    (no shield)
rNeg    . . .      Spirit   .    a - +0 robe
rPois   .          Reflect  .    (helmet restricted)
rElec   .          Harm     .    (no cloak)
rCorr   .          Rampage  .    (no gloves)
Will    .....                    (no boots) Stlth
                                 (no amulet)
HPRegen 0.28/turn                (no ring)
MPRegen 0.22/turn                (no ring)

@: berserking (expiring), lethally poisoned (0 -> -6), very quick
A: horns 1, slimy green scales 1, magic regeneration
a: no special abilities


You were on level 3 of the Dungeon.
You visited 1 branch of the dungeon, and saw 3 of its levels.

You collected 88 gold pieces.


Innate Abilities, Weirdness & Mutations

You have a pair of small horns on your head.
You are partially covered in slimy green scales. (AC +2)
You regenerate magic rapidly.


   Skills:
 - Level 1.0 Fighting
 - Level 1.7 Dodging
 + Level 3.2 Unarmed Combat
 + Level 2.7 Spellcasting
 * Level 3.2 Transmutations
 * Level 1.7 Poison Magic


You had 2 spell levels left.
You knew the following spells:

 Your Spells              Type           Power      Damage    Failure   Level
a - Beastly Appendage     Tmut           26%        N/A       4%          1
b - Wereblood             Tmut           13%        N/A       8%          2
c - Spider Form           Tmut/Pois      10%        N/A       21%         3

Your spell library contained the following spells:

 Spells                   Type           Power      Damage    Failure   Level
 Ice Form                 Ice/Tmut       7%         N/A       67%         4
 Chain Lightning          Conj/Air       1%         3d1       100%        9
 Fire Storm               Conj/Fire      1%         7d1       100%        9
 Shatter                  Erth           1%         3d5*      100%        9

Inventory:

Missiles
 d - 10 stones
 e - 6 poisoned darts
 h - 6 datura-tipped darts
Armour
 a - a +0 robe (worn)
Scrolls
 i - a scroll of enchant weapon
Potions
 b - a potion of lignification {!q}
 c - 2 potions of flight {unknown}
 f - 2 potions of curing {unknown}
 g - a potion of mutation {unknown}
 j - 2 potions of magic {unknown}
 m - a potion of degeneration {unknown}

Dungeon Overview and Level Annotations

Branches:
Dungeon (3/15) Zot: 16218

Altars:
Sif Muna

..# #####..
#.....## . #......
..# .....##
....##.....#
....>...†..#
#....@...#
...............
............###
.......<......#
..#..<......... .
#.........#.#######
#.........#........
#.......###....#
+..<##.#.#


There were no monsters in sight!


Message History

It was a scroll of teleportation.
Okay, then.
Okay, then.
Your surroundings suddenly seem different.
An adder comes into view.
Found an escape hatch in the ceiling.
Found a stone staircase leading down and a stone staircase leading up.
The adder barely misses you.
An adder is nearby!
An adder is nearby!
Casting: Beastly Appendage (safe; 4% risk of failure)
Confirm with . or Enter, or press ? or * to list all spells.
The spell is quite dangerous to miscast (21% risk of failure)!
Continue anyway? [Y]es or [N]o only, please.
The spell is quite dangerous to miscast (21% risk of failure)!
Continue anyway? [Y]es or [N]o only, please.
The spell is quite dangerous to miscast (21% risk of failure)!
Continue anyway? [Y]es or [N]o only, please.
The spell is quite dangerous to miscast (21% risk of failure)!
Continue anyway?
Okay, then.
You hit the adder. The adder bites you.
You are poisoned.
The adder poisons you!
You barely miss the adder.
You feel sick.
The adder bites you but does no damage. 😕 HP[-5]
You take 5 damage, and now have 27/32 hp.
You barely miss the adder. Your headbutt misses the adder.
You feel sick. The adder bites you.
You are more poisoned.
The adder poisons you!
You closely miss the adder.
You headbutt the adder, but do no damage.
You feel sick. The adder bites you.
You are more poisoned.
The adder poisons you! The adder barely misses you. 😮 HP[-7]
You take 7 damage, and now have 20/32 hp.
MASSIVE DAMAGE!! (PAUSE)
You closely miss the adder.
You feel very sick. The adder bites you.
* * * LOW HITPOINT WARNING * * *
😨 HP[-6]
You take 6 damage, and now have 14/32 hp.
Unknown command.
You closely miss the adder.
You feel sick.
The adder bites you but does no damage. 😨 HP[-2]
You take 2 damage, and now have 12/32 hp.
You hit the adder.
You feel sick. The adder bites you.
* * * LOW HITPOINT WARNING * * *
😱 HP[-5]
You take 5 damage, and now have 7/32 hp.
Unknown command.
You hit the adder.
You feel sick. The adder barely misses you. x2
It was a potion of berserk rage.
A red film seems to cover your vision as you go berserk!
You feel yourself moving faster!
You feel mighty!
You feel sick. The adder closely misses you. 😱 HP[+3]
You now have 48 max hp (+16).
You regained 3 hp, and now have 10/48 hp.
You miss the adder.
You feel sick. The adder bites you.
* * * LOW HITPOINT WARNING * * *
You are more poisoned.
The adder poisons you! 😱 HP[-2]
You take 2 damage, and now have 8/48 hp.
You hit the adder. Your headbutt misses the adder.
You feel sick. The adder bites you.
* * * LOW HITPOINT WARNING * * *
You are lethally poisoned!
The adder poisons you! 😱 HP[-2]
You take 2 damage, and now have 6/48 hp.
You punch the adder!
You kill the adder!
* * * LOW HITPOINT WARNING * * *
You feel sick. 😱 HP[-2]
You take 2 damage, and now have 4/48 hp.
There is a lethal amount of poison in your body!
Unknown command.
There is a lethal amount of poison in your body!
* * * LOW HITPOINT WARNING * * *
You feel sick. 😱 HP[-1]
You take 1 damage, and now have 3/48 hp.
You feel a strong urge to attack something.
* * * LOW HITPOINT WARNING * * *
You feel sick. 😱 HP[-1]
You take 1 damage, and now have 2/48 hp.
* * * LOW HITPOINT WARNING * * *
You feel sick. 😱 HP[-1]
You take 1 damage, and now have 1/48 hp.
You feel your anger nearly subside.
You die...

Skill      XL: |  1  2  3  4 |
---------------+-------------+-----
Transmutations | 2 3 |  3.2
Unarmed Combat | 3 |  3.2
Poison Magic   | 1 |  1.7
Fighting       | |  1.0
Dodging        | |  1.7
Spellcasting   | |  2.7

Action                     |  1- 3 |  4- 6 || total
---------------------------+-------+-------++-------
  Melee: Unarmed           |   117 |    30 ||   147
         Kick              |    26 |     1 ||    27
         Headbutt          |    15 |     1 ||    16
   Cast: Beastly Appendage |    24 |     2 ||    26
         Wereblood         |     2 |       ||     2
         Spider Form       |     1 |     2 ||     3
    Use: Scroll            |     3 |     1 ||     4
         Potion            |       |     1 ||     1
 Armour: Robe              |    20 |     4 ||    24
         Skin              |       |     1 ||     1
  Dodge: Dodged            |    82 |    22 ||   104

Levels and vault maps discovered:
D:1:      tarquinn_simple_flora_water_a, layout_rooms,
          shapermc_ecumenical_altar_notcrosses
D:2:      layout_loops_ring, basic_altar
D:3:      layout_basic, mainiacjoe_overflow_tiny_flanked, uniq_terence

Notes
Turn   | Place    | Note
-------+----------+-------------------------------------------
     0 | D:1      | kae the Demonspawn Transmuter began the quest for the Orb.
     0 | D:1      | Reached XP level 1. HP: 15/15 MP: 3/3
     0 | D:1      | magus.rc [v1.11.3]
    37 | D:1      | HP: 3/15 [quokka (2)]
    38 | D:1      | HP: 1/15 [quokka (2)]
   121 | D:1      | Reached skill level 2 in Transmutations
   210 | D:1      | Gained mutation: You regenerate magic rapidly. [demonic
                  | ancestry]
   210 | D:1      | Reached XP level 2. HP: 19/21 MP: 3/5
   399 | D:1      | Reached skill level 3 in Unarmed Combat
   422 | D:1      | Mutation became permanent: You have a pair of small horns
                  | on your head. [demonic ancestry]
   422 | D:1      | Gained mutation: You have a pair of horns on your head.
                  | [demonic ancestry]
   422 | D:1      | Reached XP level 3. HP: 10/26 MP: 4/6
   425 | D:1      | Learned a level 2 spell: Wereblood
   429 | D:1      | Learned a level 3 spell: Spider Form
   607 | D:1      | Found a faded altar of an unknown god.
   893 | D:2      | Found a shimmering blue altar of Sif Muna.
   937 | D:2      | HP: 6/26 [hobgoblin (2)]
  1173 | D:2      | Reached skill level 1 in Poison Magic
  1452 | D:2      | You pick up a book of Annihilations and begin reading...
  1452 | D:2      | You add the spells Chain Lightning, Fire Storm and Shatter
                  | to your library.
  1570 | D:2      | Gained mutation: You are partially covered in slimy green
                  | scales. (AC +2) [demonic ancestry]
  1570 | D:2      | Reached XP level 4. HP: 17/32 MP: 5/7
  1621 | D:2      | Reached skill level 3 in Transmutations
  1783 | D:3      | HP: 7/32 [adder (3)]
  1788 | D:3      | HP: 4/48 [poisoned by an adder]
  1791 | D:3      | HP: 1/48 [poisoned by an adder]
  1792 | D:3      | Succumbed to an adder's poison

Vanquished Creatures
  3 gnolls (D:2)
  4 adders
  2 worms (D:2)
  4 dart slugs
  4 endoplasms
  3 goblins
  4 hobgoblins
  4 quokkas (D:1)
  3 ball pythons
  A bat (D:1)
  6 frilled lizards
  4 kobolds
  3 rats (D:1)
45 creatures vanquished.

Table legend:
 A = Non-vault XP
 B = Vault XP
 C = Vault XP percentage of total XP
 D = Non-vault monster count
 E = Vault monster count
 F = Vault count percentage of total count
                 A         B        C        D         E       F
            +---------+---------+-------+---------+---------+-------
      Total |     173 |       0 |   0.0 |      45 |       0 |   0.0
            +---------+---------+-------+---------+---------+-------
        D:1 |      43 |       0 |   0.0 |      25 |       0 |   0.0
        D:2 |     116 |       0 |   0.0 |      19 |       0 |   0.0
        D:3 |      14 |       0 |   0.0 |       1 |       0 |   0.0
            +---------+---------+-------+---------+---------+-------

Illustrated notes

Table legend:
 A = Kills in this place as a percentage of kills in entire the game.
 B = Kills by you in this place as a percentage of kills by you in the entire game.
 C = Kills by friends in this place as a percentage of kills by friends in the entire game.
 D = Other kills in this place as a percentage of other kills in the entire game.
 E = Experience gained in this place as a percentage of experience gained in the entire game.
 F = Experience gained in this place divided by the number of levels of this place that you have seen.
                   A       B       C       D       E      F
               +-------+-------+-------+-------+-------+----------------------
         Total | 100.0 | 100.0 |   N/A |   N/A | 100.0 |  57.7
       Dungeon | 100.0 | 100.0 |   N/A |   N/A | 100.0 |  57.7
               +-------+-------+-------+-------+-------+----------------------

Table legend: (Time is in decaauts)
 A = Elapsed time spent in this place.
 B = Non-inter-level travel time spent in this place.
 C = Inter-level travel time spent in this place.
 D = Time resting spent in this place.
 E = Time spent auto-exploring this place.
 F = Levels seen in this place.
 G = Mean time per level.
                   A        B        C        D        E       F      G
               +--------+--------+--------+--------+--------+-----+--------+
         Total |   1781 |   1745 |     36 |     24 |   1276 |   3 |  593.7 |
       Dungeon |   1781 |   1745 |     36 |     24 |   1276 |   3 |  593.7 |
               +--------+--------+--------+--------+--------+-----+--------+

Top non-repeatable levels by time:
     D:2: 1007 daAuts
     D:1: 756 daAuts
     D:3: 17 daAuts
